 Dungeon Crawl Stone Soup version 0.27.1 (webtiles) character file.

Game seed: 4498165507473434204

126 zdrol the Shield-Bearer (level 4, -1/40 HPs)
             Began as a Minotaur Fighter on Sept 5, 2021.
             Succumbed to an orc's poison
             ... on level 3 of the Dungeon.
             The game lasted 00:10:21 (2395 turns).

zdrol the Shield-Bearer (Minotaur Fighter)          Turns: 2395, Time: 00:10:22

Health: -1/40      AC:  9    Str: 21    XL:     4   Next: 83%
Magic:  3/3        EV:  5    Int:  5    God:
Gold:   125        SH:  9    Dex: 10    Spells: 0/3 levels left

rFire    + . .     SeeInvis +   o - +3 short sword
rCold    . . .     Faith    .   c - +0 kite shield
rNeg     . . .     Spirit   .   m - +0 chain mail
rPois    .         Reflect  .   (helmet restricted)
rElec    .         Harm     .   (no cloak)
rCorr    .         Rampage  .   (no gloves)
Will     .....                  (no boots)
Stlth    ..........             (no amulet)
HPRegen  0.13/turn              e - ring of see invisible
MPRegen  0.08/turn              h - ring of protection from fire

@: lethally poisoned (-1 -> -21)
A: horns 2, retaliatory headbutt
a: no special abilities


You were on level 3 of the Dungeon.
You visited 1 branch of the dungeon, and saw 3 of its levels.

You collected 125 gold pieces.

Inventory:

Hand Weapons
 a - a +0 long sword
 o - a +3 short sword (weapon)
 q - a +1 short sword of holy wrath
 t - a +0 short sword of protection
Missiles
 b - 2 silver javelins (quivered)
 n - 15 poisoned darts
Armour
 c - a +0 kite shield (worn)
 m - a +0 chain mail (worn)
Jewellery
 e - a ring of see invisible (left hand)
 h - a ring of protection from fire (right hand)
 s - a ring of positive energy
Scrolls
 f - a scroll of teleportation {unknown}
 i - a scroll of holy word {unknown}
 j - 2 scrolls of magic mapping {unknown}
 l - a scroll of enchant weapon {unknown}
 p - a scroll of summoning {unknown}
 r - a scroll of silence {unknown}
Potions
 d - a potion of might
 k - a potion of lignification {unknown}


   Skills:
 + Level 4.2 Fighting
 * Level 0.1(2.0) Short Blades
 + Level 3.6 Long Blades
 + Level 0.8 Throwing
 + Level 4.4 Armour
 + Level 0.2 Dodging
 + Level 0.2 Stealth
 + Level 4.8 Shields


You couldn't memorise any spells.
You knew the following spells:

 Your Spells              Type           Power      Damage    Failure   Level
a - Portal Projectile     Hex/Tloc       0%         N/A       100%        3

Your spell library contained the following spells:

 Spells                   Type           Power      Damage    Failure   Level
 Blade Hands              Tmut           0%         N/A       100%        5
 Excruciating Wounds      Necr           0%         N/A       100%        5


Dungeon Overview and Level Annotations

Branches:
Dungeon (3/15)

Altars:

Shops:
D:3 (*


Innate Abilities, Weirdness & Mutations

You have a pair of horns on your head.
You reflexively headbutt those who attack you in melee.


Message History

You feel very sick. You block the orc's attack.
The orc hits you but does no damage.
You are more poisoned.
* * * LOW HITPOINT WARNING * * *
You feel very sick.
* * * LOW HITPOINT WARNING * * *
You feel very sick.
It was a potion of heal wounds.
You feel much better.
You feel very sick. The orc completely misses you.
You hit the orc but do no damage. You headbutt the orc.
You kill the orc!
You feel very sick. The orc hits you but does no damage.
Your shield and chain mail prevent you from hitting the orc.
Your headbutt misses the orc.
You feel sick. You block the orc's attack.
You closely miss the orc.
You feel sick.
The orc hits you with a +2 flail of venom.
You are more poisoned.
You hit the orc.
The orc is heavily wounded.
You feel very sick. The orc barely misses you.
You hit the orc but do no damage.
The orc is heavily wounded.
* * * LOW HITPOINT WARNING * * *
You feel very sick.
The orc hits you with a +2 flail of venom.
* * * LOW HITPOINT WARNING * * *
You are lethally poisoned!
The orc barely misses you.
You hit the orc.
The orc is severely wounded.
* * * LOW HITPOINT WARNING * * *
You feel very sick. The orc hits you but does no damage.
You are more poisoned.
You hit the orc but do no damage.
The orc is severely wounded.
You die...

# #.# #.# #.# ######.#
#.# #.# #......# #.# #.#
#.###### #.# #.# #.# #.#
#.# #.# #.# #.#
#.#########.####.#
#.>†.............#######
#...............@.......
#.##############o#######
#.# #J.# #.# #).## #.#
#...# ..# #.#.# ..#
.....' ..# ....#.#.. ..#
.....#.. ##


You could see an orc and an endoplasm.

Vanquished Creatures
  An iguana (D:3)
  Terence (D:2)
  2 adders
  A dart slug (D:2)
  3 orcs (D:3)
  A bat (D:2)
  7 endoplasms
  2 giant cockroaches
  3 hobgoblins
  5 jackals
  7 kobolds
  A quokka (D:2)
  2 ball pythons
  4 frilled lizards
  5 goblins
  3 rats
48 creatures vanquished.

Notes
Turn   | Place    | Note
-------+----------+-------------------------------------------
     0 | D:1      | zdrol the Minotaur Fighter began the quest for the Orb.
     0 | D:1      | Reached XP level 1. HP: 19/19 MP: 0/0
   237 | D:1      | Reached XP level 2. HP: 27/27 MP: 1/1
   287 | D:1      | Found a faded altar of an unknown god.
   990 | D:2      | Noticed Terence
   998 | D:2      | Killed Terence
   999 | D:2      | Reached XP level 3. HP: 30/33 MP: 2/2
  1313 | D:2      | Reached XP level 4. HP: 40/40 MP: 3/3
  1364 | D:2      | Learned a level 3 spell: Portal Projectile
  1983 | D:3      | Found Yrireuhi's Weapon Shop.
  1984 | D:3      | Found Yplant's Assorted Antiques.
  2387 | D:3      | HP: 2/40 [poisoned by an orc]
  2395 | D:3      | Succumbed to an orc's poison

Illustrated notes

Levels and vault maps discovered:
D:1:      dpeg_arrival_ternary, layout_loops_ring,
          hellmonk_ecumenical_altar_crossroads
D:2:      layout_basic, minmay_fractal_squares_gapless_5, uniq_terence
D:3:      layout_basic, mainiacjoe_overflow_alcove_2, serial_shops,
          nicolae_shop_stone, nicolae_shop_overgrown_old_shop, shop,
          minmay_cut_off, uniq_jessica

Skill      XL: |  1  2 |
---------------+-------+-----
Fighting       | 4 |  4.2
Armour         | 4 |  4.4
Shields        | 4 |  4.8
Long Blades    | 3 |  3.6
Short Blades   | |  0.1
Throwing       | |  0.8
Dodging        | |  0.2
Stealth        | |  0.2

Action                   |  1- 3 |  4- 6 || total
-------------------------+-------+-------++-------
Melee: Long sword        |    65 |       ||    65
       Headbutt          |     5 |    10 ||    15
       Short sword       |    13 |    49 ||    62
Throw: Javelin           |     7 |     2 ||     9
  Use: Potion            |       |     1 ||     1
Armor: Scale mail        |    18 |       ||    18
       Chain mail        |    21 |    21 ||    42
Dodge: Dodged            |    23 |     8 ||    31
Block: Kite shield       |    45 |    27 ||    72
       Rpst.: Long sword |     5 |       ||     5
